Cogmind - Beta 13 @@@ ROGUE MODE // 2024.05.08 @ 20:11:44 Player: teroshan Result: Smashed by cave-in Performance ------------- Evolutions (1) 500 Regions Visited (4) 800 Robots Destroyed (21) 105 Value Destroyed (644) 644 Prototype IDs (4) 80 Alien Tech Used (0) 0 Bonus (1008) 1008 TOTAL SCORE: 3137 Bonus ------- Pacifist 200 Follower Combat Kills 229 Met Imprinter 300 Was Imprinted 300 Friendly Fire -21 Cogmind --------- Core Integrity 0/400 Matter 19/300 Energy 97/100 System Corruption 9% Temperature Cool (2) Movement Walking (120) Location -7/Zion Parts ------- > --- POWER (1) -------- (None) > --- PROPULSION (3) --- Myomer Leg > --- UTILITY (3) ------ Small Storage Unit > --- WEAPON (2) ------- (None) > --- INVENTORY (8) ---- Improved Ion Engine Aluminum Leg Aluminum Leg Aluminum Leg Hacking Suite Hacking Drone Bay (1/1) Beam Rifle Peak State ------------ > --- POWER ------------ Improved Ion Engine > --- PROPULSION ------- Aluminum Leg Makeshift Leg Myomer Leg > --- UTILITY ---------- Heat Sink Small Storage Unit Medium Armor Plating > --- WEAPON ----------- Makeshift Laser Coil Gun > --- INVENTORY -------- Improved Ion Engine Aluminum Leg Aluminum Leg Hacking Drone Bay Beam Rifle Grenade Launcher Rocket Launcher GAL Module [Rating: 29] Favorites ----------- Power Improved Ion Engine Engine Improved Ion Engine Power Core Light Nuclear Core Propulsion Aluminum Leg Treads Light Treads Leg Aluminum Leg Utility Small Storage Unit Device Heat Sink Storage Small Storage Unit Processor Improved Targeting Computer Protection Medium Armor Plating Weapon Heavy Assault Rifle Energy Gun Makeshift Laser Ballistic Gun Heavy Assault Rifle Launcher Grenade Launcher Build | -11 -10 -9 -9 -7 ------- Run | Yrd Mat Mat Min Zio Slots Evolved 2 | . . 2 . . Power . | . . . . . Propulsion 1 | . . 1 . . Utility 1 | . . 1 . . Weapon . | . . . . . Parts Attached 39 | 6 1 17 4 11 Power 7 | 1 . 5 1 . Engine 6 | 1 . 4 1 . Core 1 | . . 1 . . Reactor . | . . . . . Propulsion 11 | 2 . 4 2 3 Treads 1 | . . 1 . . Leg 10 | 2 . 3 2 3 Wheel . | . . . . . Hover . | . . . . . Flight . | . . . . . Utility 9 | 1 1 3 1 3 Device 4 | . . . 1 3 Storage 1 | 1 . . . . Processor 2 | . 1 1 . . Hackware . | . . . . . Protection 2 | . . 2 . . Artifact . | . . . . . Weapon 12 | 2 . 5 . 5 Energy Gun 3 | . . 1 . 2 Energy Cannon . | . . . . . Ballistic Gun 6 | 2 . 3 . 1 Ballistic Cannon . | . . . . . Launcher 3 | . . 1 . 2 Special Weapon . | . . . . . Impact Weapon . | . . . . . Slashing Weapon . | . . . . . Piercing Weapon . | . . . . . Special Melee Weapon . | . . . . . Unidentified Prototypes 2 | . . 1 . 1 Corrupted Parts 1 | . . . . 1 System Corruption 2 | . . . . 2 Parts Lost 10 | . . . . 10 Power 1 | . . . . 1 Propulsion 2 | . . . . 2 Utility 3 | . . . . 3 Weapon 4 | . . . . 4 Highest Loss Streak 4 | . . . . 4 To Critical Strikes . | . . . . . Average Slot Usage (%) 98 | . 97 96 100 98 Engine 10 | . 14 9 11 10 Leg 32 | . 28 30 33 32 Device 7 | . . . 3 10 Storage 11 | . 14 11 11 11 Processor 4 | . 11 20 7 . Protection 8 | . . 1 11 10 Energy Gun 8 | . . 1 11 10 Ballistic Gun 12 | . 28 19 11 11 Naked Turns . | . . . . . Heaviest Build 28 | 12 12 28 28 27 Greatest Support 60 | 20 20 30 30 60 Greatest Overweight (x) 3 | 3 . . . . Average Overweight (x) . | . . . . . Largest Inventory Capacity 8 | 8 8 8 8 8 Average Capacity 7 | 7 8 8 8 8 Most Carried 8 | 6 8 8 8 8 Average Carried 7 | 4 7 7 7 7 Final Capacity 8 | 8 8 8 8 8 Final Carried 8 | 6 8 8 8 7 Class Distribution -------------------- 86% | Scavenger-Mutant 13% | Mutant Dominant Class ---------------- Mutant | -10/Materials Scavenger-Mutant | -9/Materials Scavenger-Mutant | -9/Mines Scavenger-Mutant | -7/Zion Resources | -11 -10 -9 -9 -7 ----------- Run | Yrd Mat Mat Min Zio Matter Collected 862 | 234 . 334 112 182 Remotely . | . . . . . Salvage Created 803 | . . 385 261 157 Parts 44 | . . 22 13 9 Haulers Intercepted . | . . . . . Recyclers Shooed . | . . . . . Parts Field Recycled . | . . . . . Retrieved Matter . | . . . . . Parts Self-Destructed 6 | . . . . 6 Prevented 2 | . . . . 2 Kills | -11 -10 -9 -9 -7 ------- Run | Yrd Mat Mat Min Zio Combat Hostiles Destroyed 15 | . . 8 6 1 Guns 15 | . . 8 6 1 Classes Destroyed 6 | . . 3 1 2 Swarmer 1 | . . . 1 . Grunt 8 | . . 5 3 . Brawler 1 | . . 1 . . Sentry 4 | . . 2 2 . Zionite 6 | . . . . 6 Mutant 1 | . . . . 1 Best Kill Streak 3 | . . 3 3 3 Combat Bots Only 3 | . . 3 3 1 Max Kills in Single Turn 1 | . . 1 1 1 Gunslinging . | . . . . . Exploded . | . . . . . Melee . | . . . . . Uniques/NPCs Destroyed . | . . . . . Combat | -11 -10 -9 -9 -7 -------- Run | Yrd Mat Mat Min Zio Hostile Shots Fired 101 | . . 38 28 35 Missed 36 | . . 7 10 19 Damage Taken 2010 | . . 466 236 1308 Core 437 | . . 39 47 351 Absorbed by Shields . | . . . . . Regen/Repaired (Parts) 44 | . . 44 . . Core Remaining (%) 100 | 100 100 . . . Volleys Fired 84 | . . 25 14 45 Largest 2 | . . 2 2 2 Hottest 86 | . . 56 79 86 Shots Fired 139 | . . 50 28 61 Gun 110 | . . 49 28 33 Cannon . | . . . . . Launcher 29 | . . 1 . 28 Special . | . . . . . Kinetic 81 | . . 49 14 18 Thermal 29 | . . . 14 15 Explosive 29 | . . 1 . 28 Electromagnetic . | . . . . . Robot Hit Streak 23 | . . 23 20 9 Robot Miss Streak 2 | . . 1 2 2 Penetration Max 1 | . . . . 1 Secondary Targets 2 | . . . . 2 Max Gunslinging Chain 1 | . . . . 1 Shots Hit Robots 88 | . . 41 23 24 Core Hits 35 | . . 13 9 13 Critical Kills 3 | . . 1 1 1 Critical Parts Destroyed . | . . . . . Critical Strikes 6 | . . 1 2 3 Burn 3 | . . . 1 2 Destroy 3 | . . 1 1 1 Melee Attacks . | . . . . . Impact . | . . . . . Slashing . | . . . . . Piercing . | . . . . . Sneak Attacks . | . . . . . Combat Hostiles . | . . . . . Follow-up Attacks . | . . . . . Damage Inflicted 1473 | . . 516 361 596 Guns 1345 | . . 516 361 468 Cannons . | . . . . . Explosions 128 | . . . . 128 Melee . | . . . . . Ramming . | . . . . . Kinetic 1011 | . . 516 160 335 Thermal 334 | . . . 201 133 Explosive 128 | . . . . 128 Electromagnetic . | . . . . . Impact . | . . . . . Slashing . | . . . . . Piercing . | . . . . . Highest Corruption 2 | . . . . 2 Average Corruption 2 | . . . . 2 Corruption Purged . | . . . . . Corruption Blocked . | . . . . . Effects 15 | . . . . 15 Message Errors 1 | . . . . 1 Matter Fused 6 | . . . . 6 Energy Discharges 1 | . . . . 1 Data Loss (minor) 4 | . . . . 4 Data Loss (major) 1 | . . . . 1 Misfires 2 | . . . . 2 Overload Shots . | . . . . . Overflow Damage 48 | . . . . 48 Projectiles . | . . . . . Explosions 48 | . . . . 48 Melee . | . . . . . Knockbacks . | . . . . . Impact . | . . . . . Kinetic . | . . . . . Secondary . | . . . . . Self-Inflicted Damage 549 | . . . . 549 Shots 19 | . . . . 19 Rammed . | . . . . . Targets Rammed . | . . . . . Kicked . | . . . . . Crushed . | . . . . . Highest Temperature 258 | . . 1 258 116 Average Temperature 78 | . . 1 104 46 Received Heat Transfer 361 | . . 156 126 79 Effects 1 | . . . 1 . Interference 1 | . . . 1 . Siege Activations . | . . . . . Robots Corrupted . | . . . . . Combat Hostiles . | . . . . . Parts Fried . | . . . . . Impact Corruptions . | . . . . . Robots Melted . | . . . . . Combat Hostiles . | . . . . . Parts Melted 1 | . . . . 1 Heat Transferred 999 | . . . 518 481 Parts Sabotaged . | . . . . . Parts Stolen . | . . . . . Parts Stripped . | . . . . . Power Chain Reactions . | . . . . . Alert | -11 -10 -9 -9 -7 ------- Run | Yrd Mat Mat Min Zio Peak Influence 244 | . 15 244 191 . Initial 16 | . . 5 16 . Average 72 | . . 106 85 . Maximum Alert Level 1 | . . 1 . . Low Security (%) 96 | 100 100 92 100 . Level 1 3 | . . 7 . . Level 2 . | . . . . . Level 3 . | . . . . . Level 4 . | . . . . . Level 5 . | . . . . . High Security . | . . . . . Max Security . | . . . . . Squads Dispatched 3 | . 1 2 . . Investigation 1 | . . 1 . . Extermination . | . . . . . Reinforcement 2 | . 1 1 . . Assault . | . . . . . Garrison . | . . . . . Intercept . | . . . . . Searches Triggered . | . . . . . Construction Impeded . | . . . . . Haulers Reinforced . | . . . . . Active Scanning Responses . | . . . . . Cargo Convoy Interrupts . | . . . . . Stealth | -11 -10 -9 -9 -7 --------- Run | Yrd Mat Mat Min Zio Distress Signals . | . . . . . Communications Jammed . | . . . . . Distress Signals . | . . . . . Times Spotted 45 | . 2 15 7 21 Peak Tracking Total 6 | . 3 6 3 5 Tactical Retreats 4 | . . . 1 3 Traps | -11 -10 -9 -9 -7 ------- Run | Yrd Mat Mat Min Zio Traps Triggered 1 | . . 1 . . Indirectly . | . . . . . Trap Hack Attempts . | . . . . . Triggered . | . . . . . Disarmed . | . . . . . Reprogrammed . | . . . . . Reused . | . . . . . Traps Extracted . | . . . . . Installed . | . . . . . Triggered . | . . . . . Machines | -11 -10 -9 -9 -7 ---------- Run | Yrd Mat Mat Min Zio Machines Disabled . | . . . . . Max in Single Turn . | . . . . . Machines Repaired . | . . . . . Machines Dismantled . | . . . . . Machines Sabotaged . | . . . . . Overloaded Fab Kills . | . . . . . Hacking | -11 -10 -9 -9 -7 --------- Run | Yrd Mat Mat Min Zio Machines Accessed 6 | . 2 3 . 1 Terminals 3 | . 2 1 . . Fabricators . | . . . . . Repair Stations 1 | . . 1 . . Recycling Units 1 | . . 1 . . Scanalyzers . | . . . . . Garrison Access . | . . . . . Total Hacks 16 | . 3 10 . 3 Successful 9 | . 1 5 . 3 Failed 7 | . 2 5 . . Catastrophic . | . . . . . Database Lockouts . | . . . . . Manual 3 | . 2 . . 1 Terminals 6 | . 3 3 . . Fabricators . | . . . . . Repair Stations 5 | . . 5 . . Recycling Units 2 | . . 2 . . Scanalyzers . | . . . . . Garrison Access . | . . . . . Terminal Hacks 6 | . 1 2 . 3 Part Schematic 3 | . . . . 3 Prototype ID Bank 1 | . . 1 . . Terminal Index 1 | . . 1 . . Zone Layout 1 | . 1 . . . Fabricator Hacks . | . . . . . Repair Station Hacks 2 | . . 2 . . Scan Component 1 | . . 1 . . Repair 1 | . . 1 . . Recycling Unit Hacks 1 | . . 1 . . Retrieve Components 1 | . . 1 . . Scanalyzer . | . . . . . Garrison Access Hacks . | . . . . . Unauthorized Hacks . | . . . . . Terminals . | . . . . . Fabricators . | . . . . . Repair Stations . | . . . . . Recycling Units . | . . . . . Scanalyzers . | . . . . . Garrison Access . | . . . . . Data Cores Recovered . | . . . . . Used . | . . . . . Hacking Detections 2 | . . 2 . . Full Trace Events . | . . . . . Feedback Events . | . . . . . Feedback Blocked . | . . . . . Robot Schematics Acquired 2 | . . . . 2 Robots Built . | . . . . . Authchips . | . . . . . Time . | . . . . . Total Robot Build Rating . | . . . . . Part Schematics Acquired 16 | . . . . 16 Parts Built . | . . . . . Authchips . | . . . . . Time . | . . . . . Total Part Build Rating . | . . . . . Parts Repaired 1 | . . 1 . . Time 32 | . . 32 . . Parts Recycled . | . . . . . Recycled Matter . | . . . . . Retrieved Matter . | . . . . . Retrieved Components 10 | . . 10 . . Parts Scanalyzed . | . . . . . Part Schematics Acquired . | . . . . . Parts Damaged . | . . . . . Bothacking | -11 -10 -9 -9 -7 ------------ Run | Yrd Mat Mat Min Zio Used RIF Installer . | . . . . . Robots Hacked . | . . . . . Non-combat . | . . . . . Combat . | . . . . . Robot Hacks Applied . | . . . . . Relay Couplers Released . | . . . . . Fabnet Peak Effective % . | . . . . . Robots Rewired . | . . . . . Allies Hacked . | . . . . . Hacks Repelled . | . . . . . Allies | -11 -10 -9 -9 -7 -------- Run | Yrd Mat Mat Min Zio Total Allies 6 | . . . . 6 Largest Group 6 | . . . . 6 Highest-Rated Group 345 | . . . . 345 Highest-Rated Ally 96 | . . . . 96 Total Orders . | . . . . . Ally Attacks 31 | . . . . 31 Total Damage 1112 | . . . . 1112 Kills 10 | . . . . 10 Allies Corrupted 1 | . . . . 1 Allies Melted . | . . . . . Intel | -11 -10 -9 -9 -7 ------- Run | Yrd Mat Mat Min Zio Robot Analysis Total . | . . . . . Derelict Logs Recovered 3 | . . . 1 2 Drone Launches . | . . . . . Drone Recoveries . | . . . . . Exploration | -11 -10 -9 -9 -7 ------------- Run | Yrd Mat Mat Min Zio Turns Passed 3526 | 116 172 469 395 2374 Spaces Moved 2473 | 84 137 241 265 1746 Core 21 | 21 . . . . Treads . | . . . . . Legs 2452 | 63 137 241 265 1746 Wheels . | . . . . . Hover . | . . . . . Flight . | . . . . . Fastest Speed 50 | 50 120 120 120 120 Average Speed 123 | 121 120 120 120 124 Slowest Speed 200 | 200 120 120 120 126 Overloaded Moves . | . . . . . Propulsion Burnouts . | . . . . . Robots Hopped . | . . . . . Cave-ins Triggered 1 | . . . . 1 Exploration Rate (%) 38 | 5 21 24 50 91 Regions Visited 4 Branch Regions 2 Pre-discovered Areas 4 | . . . . 4 Known Exits Taken . | . . . . . Unknown Exits Taken 4 | 1 1 1 1 . Scrap Searched 3 | . . . 1 2 Spaces Dug 74 | . . 6 . 68 Terrain Destroyed 130 | . . 6 . 124 Melee . | . . . . . Projectile . | . . . . . AOE 130 | . . 6 . 124 Terrain Rammed . | . . . . . Walls Destroyed . | . . . . . Machines Disabled . | . . . . . Actions | -11 -10 -9 -9 -7 --------- Run | Yrd Mat Mat Min Zio Total 2823 | 95 145 373 316 1894 Wait 168 | . . 73 24 71 Move 2468 | 83 136 240 264 1745 Hop . | . . . . . Pick Up 28 | 6 5 6 3 8 Fast Attach 14 | 6 1 3 2 2 Attach 6 | . . 4 . 2 Detach 2 | . . 1 1 . Swap 19 | . . 10 2 7 Drop 33 | . 3 11 6 13 Fire 84 | . . 25 14 45 Melee . | . . . . . Ram . | . . . . . Kick . | . . . . . Crush . | . . . . . Escape Stasis . | . . . . . Rewire 1 | . . . . 1 Trap . | . . . . . Miscellaneous . | . . . . . Route ------- -11/Scrapyard -10/Materials -9/Materials -9/Mines (discovered 2 exits: *Mat / *Zio) -7/Zion (discovered 2 exits: Dee / [*Pro]) History --------- Turn | Location | Event 22 | -11/Scrapyard | Discovered new exit (range 16) 117 | -11/Scrapyard | Entered Materials 248 | -10/Materials | Discovered new exit (range 10) 289 | -10/Materials | Entered another Materials area 289 | -9/Materials | Evolved 2 slots: Propulsion x1, Utility x1 310 | -9/Materials | Build established: Mutant 621 | -9/Materials | Repaired Hvy. Assault Rifle 705 | -9/Materials | Discovered new exit (range 16) 738 | -9/Materials | Build established: Scavenger-Mutant 758 | -9/Materials | Entered Mines 1052 | -9/Mines | Identified exit to Materials 1150 | -9/Mines | A Derelict revealed a hidden shortcut to a safe place 1153 | -9/Mines | Entered Zion 1177 | -7/Zion | Given the Hacking Drone Bay 1178 | -7/Zion | Found Prototype Device 1178 | -7/Zion | Identified Hacking Drone Bay 1417 | -7/Zion | Found GAL Module 1514 | -7/Zion | Learned location of Armory (-4) 1556 | -7/Zion | Given A8's code to call for help 1730 | -7/Zion | Learned location of Warlord (-4) 2015 | -7/Zion | Identified exit to Deep Caves 2171 | -7/Zion | Imprinted 2173 | -7/Zion | Declared Zion's savior 2664 | -7/Zion | Found CR-A16's Pointy Stick 2720 | -7/Zion | Discovered new exit (range 15) 3280 | -7/Zion | Enhanced Grunt warped into view, answering call for help 3281 | -7/Zion | Enhanced Grunt warped into view, answering call for help 3320 | -7/Zion | Attacked by Zionites 3387 | -7/Zion | Lost 3 parts (2u1w) 3443 | -7/Zion | Core integrity fell below 50% 3525 | -7/Zion | Lost 4 parts (1p2n1w) 3527 | -7/Zion | Crushed by falling debris 3527 | -7/Zion | Smashed by cave-in Last Messages --------------- 03460_ Mak. Laser melted. 03460_ 4R-UP0(z) destroyed. 03463_ The unstable cave ceiling collapses. 03467_ System corrupted: Component data lost. 03468_ The unstable cave ceiling collapses. 03481_ Carbon-fiber Leg destroyed. 03481_ Destroyed Carbon-fiber Leg. 03483_ Mak. Leg destroyed. 03483_ Destroyed Mak. Leg. 03492_ System corrupted: Component data lost. 03494_ Grenade Launcher destroyed. 03494_ Destroyed Grenade Launcher. 03499_ The unstable cave ceiling collapses. 03527_ Crushed by falling debris. 03527_ Rocket Launcher destroyed. 03527_ System corrupted by crushing effect (+3). 03527_ Recoil Stabilizer destroyed. 03527_ System corrupted by crushing effect (+2). 03527_ Coil Gun destroyed. 03527_ System corrupted by crushing effect (+2). Map ----- +----------------------------------------------------+ | ????????????????????????????????????? | | ????????????????????????????????????? | | ????????????????????????????????????? | | ????????????????????????????????????? | | ????????????????????????????????????? | | ????????????????????????????????????? | | ????????????????????????????????????? | | ????????????????????????????????????? | | ????????????????????????????????????? | | ????????????????????????????????????? | | ????????????????????????????????????? | | ????????????????????????????????????? | | ????????????????????????????????????? | | ????????????????????????????????????? | | ????????????????????????????????????? | | ????????????????????????????????????? | | ????????????????????????????????????? | | ????????????????????????????????????? | | ????????????????????????????????????? | | ???????????????????????????????####?? | | ????????????????????????????#??#"#"#? | | ????????????????????????????"##""""## | | ???????######?###?????####?##""" """ | | ??????## ##""#?????#""###"""" "" | | ??????# "#???????#"""##" "# | | ?????## @ #???????" X"""" " "" | | ?????# # #???????# "" " "" "" | | ?????# ####??????## " " "" "" | | ???# ##?????????" "" | | ???## #?????????" """ | | ???# # #???####### = """ | | ???# # #?>?# / % " *%] " | | ???## ### #???# = * """ = " | | ????## ##### ## ## # "" | | ?????## # ## ## !% " | | ??????# # ## ######" [% " | | ??????## # # ##????## = %* " | | ???????##### ##?????# " * " | | ???????????#### ##??????### = | | ??????????????####????????#"" / ] *" | | ??????????????????????????##" = %" | | ???????????????????????????#" =!! =" | | ??????????????????????????##" =%% | | ??????????????????????????#"" %= | | ?????????????????????????##"" =/ | | ?????????????????????????#""" | | ?????????????????????????##" | | ????????????????????????##"" % | | ???????????????##########""" | | ???????????????""#"""##"""""" | +----------------------------------------------------+ Best States ------------- Heat Dissipation 38 Energy Generation 14 Energy Capacity 265 Matter Stores 300 Matter Capacity 300 Sight Range 16 Terrain Scan Density 10 Armor Coverage 225 Evasion (%) 55 Targeting Accuracy 12 Recoil Reduction 4 Item Schematics ----------------- Battle Cannon | -7/Zion | Free Battle Rifle | -7/Zion | Free Flamer | -7/Zion | Free Mak. System Shield | -7/Zion | Archive Force Field | -7/Zion | Archive System Guard | -7/Zion | Archive Launcher Guidance Computer | -7/Zion | Archive Imp. Salvage Targeting Computer | -7/Zion | Archive Imp. Medium Treads | -7/Zion | Archive Hyp. Coil Gun | -7/Zion | Archive Imp. Target Analyzer | -7/Zion | Archive Imp. Titanium Leg | -7/Zion | Archive Kinecellerator | -7/Zion | Archive Mak. Hammer | -7/Zion | Archive Matter Compressor | -7/Zion | Archive Hvy. Laser | -7/Zion | Archive Robot Schematics ------------------ G-47 Trooper | -7/Zion | Archive S-27 Virus | -7/Zion | Archive Fabricated ------------ Nothing Alien Tech Used ----------------- None Achievements -------------- Help From High Places Please Form A Line Robot Respite The More The Merrier The One Challenges ------------ None Game ------ Seed TargetLegPropulsion Manual? 0 Play Time 01:02:11 Cumulative 3.6 hours Start 2024.05.06 @ 16:59:04 End 2024.05.08 @ 20:11:44 Sessions 2 Manual Loads 0 Difficulty Rogue Special Mode None Game No. 13 Rogue 13 Adventurer 0 Explorer 0 Win Type - Total 0 Types 0/0/0/0/0/0/0/0/0 Lore% 5 Gallery% 7 Achievement% 6 Wizard Run 0 Options --------- Layout 0 ASCII 0 Keyboard 1 Movement Vi Keybinds 0 Fullscreen 2 Font 24/Smallcaps Map View 76x50 Zoom Use 0% Tactical HUD 1 Map Filters NONE Filters NONE Steam 1 RUN: 0443f67a-2fcc-488b-9e5a-24cfb219ea99